 Dungeon Crawl Stone Soup version 0.30-a0-457-g4b7bca3bfa (webtiles) character file.

Game seed: 4073996977160838919

587 Sabo the Gusty (level 6, 0/47 HPs)
             Began as a Demigod Air Elementalist on Dec 12, 2022.
             Engulfed by a steam dragon's steam (10 damage)
             ... on level 5 of the Dungeon.
             The game lasted 00:38:02 (6102 turns).

Sabo the Gusty (Demigod Air Elementalist)           Turns: 6102, Time: 00:38:03

Health: 0/47       AC:  4    Str: 15    XL:     6   Next: 92%
Magic:  8/13       EV: 13    Int: 25    God:
Gold:   257        SH:  0    Dex: 20    Spells: 10/11 levels left

rFire   . . .      SeeInvis .    q - +2 sling (vorpal)
rCold   . . .      Faith    .    (no shield)
rNeg    . . .      Spirit   .    l - +2 robe {Archmagi}
rPois   .          Reflect  .    (no helmet)
rElec   .          Harm     .    (no cloak)
rCorr   .          Rampage  .    (no gloves)
Will    .....      Archmagi +    (no boots)
Stlth   ++........               (no amulet)
HPRegen 0.27/turn                n - +6 ring of dexterity
MPRegen 0.13/turn                o - +6 ring of strength

@: no status effects
A: high MP 1, forlorn, divine attributes
a: no special abilities


You were on level 5 of the Dungeon.
You visited 1 branch of the dungeon, and saw 5 of its levels.

You collected 257 gold pieces.

Inventory:

Hand Weapons
 g - a +2 dagger of protection
 q - a +2 vorpal sling (weapon)
 v - a +0 scythe of pain
Missiles
 m - 5 atropa-tipped darts
 t - 10 poisoned darts
Armour
 l - a +2 robe of the Archmagi (worn)
 w - a +2 robe of positive energy
Jewellery
 n - a +6 ring of dexterity (left hand)
 o - a +6 ring of strength (right hand)
 p - a ring of flight
Scrolls
 a - a scroll of butterflies {unknown}
 c - a scroll of blinking
 d - a scroll of enchant weapon {unknown}
 f - a scroll of magic mapping {unknown}
 s - a scroll of amnesia
Potions
 b - 2 potions of magic
 e - a potion of resistance {unknown}
 h - a potion of lignification {unknown}
 i - 4 potions of curing
 j - 3 potions of cancellation {unknown}
 k - 2 potions of mutation {unknown}
 r - a potion of ambrosia {unknown}
 u - 2 potions of berserk rage {unknown}


   Skills:
 + Level 1.2 Fighting
 + Level 0.7 Maces & Flails
 + Level 2.1 Ranged Weapons
 + Level 2.6 Dodging
 + Level 2.6 Stealth
 + Level 3.2 Spellcasting
 + Level 3.1 Conjurations
 + Level 4.3 Air Magic


You had 10 spell levels left.
You knew the following spells:

 Your Spells              Type           Power      Damage    Failure   Level
a - Shock                 Conj/Air       100%       1d9       2%          1

Your spell library contained the following spells:

 Spells                   Type           Power      Damage    Failure   Level
 Static Discharge         Conj/Air       68%        2-5/arc   3%          2
 Swiftness                Air            38%        N/A       4%          3
 Freeze                   Ice            24%        1d4       10%         1
 Hailstorm                Conj/Ice       17%        3d6       16%         3
 Airstrike                Air            19%        2d(3-19)  17%         4
 Frozen Ramparts          Ice            12%        1d2       30%         3
 Summon Lightning Spire   Summ/Air       22%        N/A       38%         4
 Lightning Bolt           Conj/Air       17%        1d31      52%         5
 Alistair's Intoxication  Tmut/Pois      4%         N/A       95%         5
 Borgnjor's Vile Clutch   Necr/Erth      3%         N/A       95%         5
 Eringya's Noxious Bog    Tmut/Pois      3%         N/A       100%        6


Dungeon Overview and Level Annotations

Branches:
Dungeon (5/15)
 Temple: D:4-7

Shops:
D:3 (


Innate Abilities, Weirdness & Mutations

You have an increased reservoir of magic. (+10% MP)
You shall have no god before yourself.
Your divine heritage dramatically boosts your attributes as you level up.


Message History

Fire: q) +2 sling (vorpal)
Press: ? - help, Q - select action, (/) - cycle Shift-Dir - straight line, f/p - steam dragon
Aim: a steam dragon (heavily wounded, 63% to hit)
You shoot a sling bullet. The sling bullet hits the steam dragon.
The steam dragon is heavily wounded.
The steam dragon bites you but does no damage.
The steam dragon closely misses you.
Fire: q) +2 sling (vorpal)
Press: ? - help, Q - select action, (/) - cycle Shift-Dir - straight line, f/p - steam dragon
Aim: a steam dragon (heavily wounded, 63% to hit)
You shoot a sling bullet.
The sling bullet closely misses the steam dragon.
The steam dragon breathes steam at you. The ball of steam hits you!
Unknown command.
Fire: q) +2 sling (vorpal)
Press: ? - help, Q - select action, (/) - cycle Shift-Dir - straight line, f/p - steam dragon
Aim: a steam dragon (heavily wounded, 63% to hit)
You shoot a sling bullet.
The sling bullet barely misses the steam dragon.
You are engulfed in a cloud of scalding steam.
The steam dragon bites you. The steam dragon closely misses you. x2
The steam dragon claws you.
Your magical contamination has completely faded away.
Fire: q) +2 sling (vorpal)
Press: ? - help, Q - select action, (/) - cycle Shift-Dir - straight line, f/p - steam dragon
Aim: a steam dragon (heavily wounded, 63% to hit)
You shoot a sling bullet.
The sling bullet barely misses the steam dragon.
You are engulfed in a cloud of scalding steam.
* * * LOW HITPOINT WARNING * * *
The steam dragon breathes steam at you. The ball of steam misses you.
Fire: q) +2 sling (vorpal)
Press: ? - help, Q - select action, (/) - cycle Shift-Dir - straight line, f/p - steam dragon
Aim: a steam dragon (heavily wounded, catching its breath, 63% to hit)
You shoot a sling bullet. The sling bullet hits the steam dragon.
The steam dragon is severely wounded.
You are engulfed in a cloud of scalding steam.
You die...

. .D# . #...#
#...#######......
#..ยงยงยง@D<......#
################


You could see a steam dragon (catching breath).

Vanquished Creatures
  Sigmund (D:2)
  A black bear (D:4)
  An ogre (D:4)
  A howler monkey (D:4)
  Natasha (thrice) (D:2)
  5 adders
  An ufetubus (D:4)
  3 worms
  3 dart slugs
  An orc (D:4)
  6 bats
  5 endoplasms
  5 giant cockroaches
  11 goblins
  9 hobgoblins
  6 jackals
  5 kobolds
  2 quokkas
  11 ball pythons
  2 frilled lizards (D:1)
  4 rats
86 creatures vanquished.

Notes
Turn   | Place    | Note
-------+----------+-------------------------------------------
     0 | D:1      | Sabo the Demigod Air Elementalist began the quest for the
                  | Orb.
     0 | D:1      | Reached XP level 1. HP: 14/14 MP: 5/5
   262 | D:1      | Reached skill level 3 in Air Magic
   264 | D:1      | Reached skill level 1 in Conjurations
   376 | D:1      | Reached XP level 2. HP: 20/20 MP: 0/7
   882 | D:1      | Reached XP level 3. HP: 20/26 MP: 3/8
  2501 | D:2      | Noticed Natasha
  2509 | D:2      | Reached XP level 4. HP: 34/34 MP: 9/9
  2726 | D:2      | Killed Natasha
  2936 | D:2      | Noticed Sigmund
  2950 | D:2      | HP: 1/34 [something/magic dart (9)]
  2953 | D:2      | Killed Sigmund
  2954 | D:2      | Reached skill level 1 in Ranged Weapons
  2954 | D:2      | Reached XP level 5. HP: 1/39 MP: 8/11
  3166 | D:2      | Noticed Natasha
  3171 | D:2      | Killed Natasha
  3172 | D:2      | Reached skill level 1 in Fighting
  3284 | D:2      | Noticed Natasha
  3288 | D:2      | Killed Natasha
  3512 | D:2      | Identified a scroll of acquirement
  3512 | D:2      | Acquired a book of Storms
  3699 | D:3      | Reached XP level 6. HP: 47/47 MP: 9/13
  3785 | D:3      | Upgraded the game from 0.30-a0-451-ge042605de7 to
                  | 0.30-a0-457-g4b7bca3bfa
  4081 | D:3      | Reached skill level 4 in Air Magic
  4319 | D:3      | Found Itin Neco's Weapon Shop.
  6087 | D:5      | Entered Level 5 of the Dungeon
  6087 | D:5      | Noticed a steam dragon
  6102 | D:5      | Engulfed by a steam dragon's steam

Illustrated notes

Levels and vault maps discovered:
D:1:      onia_arrival_mini_maze, layout_loops_ring
D:2:      layout_loops_ring, uniq_sigmund, uniq_natasha
D:3:      layout_basic, serial_shops, shop_statue
D:4:      layout_cave_pods, hangedman_feature_mirror
D:5:      layout_loops_corners, grunt_ministairs_2

Skill      XL: |  1  2  3  4  5  6 |
---------------+-------------------+-----
Air Magic      | 3 4 |  4.3
Conjurations   | 1 2 3 |  3.1
Stealth        | 2 |  2.6
Dodging        | 2 |  2.6
Spellcasting   | 2 3 |  3.2
Ranged Weapons | 1 2 |  2.1
Fighting       | 1 |  1.2
Maces & Flails | |  0.7

Action                   |  1- 3 |  4- 6 || total
-------------------------+-------+-------++-------
Melee: Unarmed           |     9 |       ||     9
       Club              |    49 |       ||    49
       Punch             |     1 |       ||     1
 Fire: Sling             |     8 |    24 ||    32
 Cast: Shock             |    83 |    91 ||   174
  Use: Scroll            |       |     7 ||     7
       Potion            |       |     1 ||     1
Armor: Robe              |    23 |     7 ||    30
Dodge: Dodged            |    60 |    27 ||    87

Table legend: (Time is in decaauts)
 A = Elapsed time spent in this place.
 B = Non-inter-level travel time spent in this place.
 C = Inter-level travel time spent in this place.
 D = Time resting spent in this place.
 E = Time spent auto-exploring this place.
 F = Levels seen in this place.
 G = Mean time per level.
                   A        B        C        D        E       F      G
               +--------+--------+--------+--------+--------+-----+--------+
         Total |   6124 |   6124 |      0 |   2291 |      0 |   5 | 1224.8 |
       Dungeon |   6124 |   6124 |      0 |   2291 |      0 |   5 | 1224.8 |
               +--------+--------+--------+--------+--------+-----+--------+

Top non-repeatable levels by time:
     D:2: 1914 daAuts
     D:1: 1623 daAuts
     D:4: 1347 daAuts
     D:3: 1222 daAuts
     D:5: 16 daAuts
